 Dungeon Sprint DCSS version 0.17-a0-1550-g78a4890 (webtiles) character file.

446 OdinFK the Carver (level 6, 0/100 HPs)
             Began as a Minotaur Berserker on July 19, 2015.
             Was a Believer of Trog.
             Slain by a red devil
             ... wielding a +0 trident
             ... summoned by a kobold demonologist
              (19 damage)
             ... in the Dungeon (Sprint I: "Red Sonja").
             The game lasted 00:01:26 (661 turns).

OdinFK the Carver (Minotaur Berserker)               Turns: 661, Time: 00:01:27

Health: 0/100      AC:  2    Str: 29      XL:     6   Next: 73%
Magic:  5/5        EV: 14    Int:  4      God:    Trog [**....]
Gold:   216        SH:  0    Dex:  8 (9)  Spells: 0 memorised, 5 levels left

rFire  . . .     SeeInvis .     a - +0 falchion
rCold  . . .     Clarity  .     b - +0 animal skin
rNeg   . . .     SustAt   .     (no shield)
rPois  .         Gourm    .     (helmet restricted)
rElec  .         Spirit   .     (no cloak)
rCorr  .         Warding  .     (no gloves)
rMut   .         NoTele   +     (no boots)
MR     .....                    (no amulet)
Stlth  ..........               (no ring)
                                (no ring)

@: berserking (expiring), lethally poisoned (0 -> -12), weakened, very quick,
not resistant to hostile enchantments, extremely unstealthy
A: retaliatory headbutt, horns 2
a: Burn Spellbooks, Berserk, Trog's Hand, Renounce Religion


You were in the Dungeon.
You worshipped Trog.
Trog was pleased with you.
You were hungry.

You visited 1 branch You collected 216 gold pieces.

Inventory:

Hand weapons
 a - a +0 falchion (weapon)
Armour
 b - a +0 animal skin (worn)
Magical devices
 j - a wand of digging (14)
Scrolls
 i - a scroll of blinking
Potions
 d - 2 potions of curing
 e - a potion of heal wounds
 f - a potion of haste
 g - 2 potions of magic
 h - a potion of berserk rage
Comestibles
 c - a bread ration


   Skills:
 + Level 10.8 Fighting
 + Level 11.1 Long Blades
 + Level 5.4 Armour
 + Level 7.2 Dodging


You had 5 spell levels left.
You didn't know any spells.

Dungeon Overview and Level Annotations

Branches:
Dungeon (1/1)

Altars:
Cheibriados
Dithmenos
Fedhas
Jiyva


Innate Abilities, Weirdness & Mutations

You reflexively headbutt those who attack you in melee.
You have a pair of horns on your head.


Message History

You feel sick.
You slash the kobold demonologist! You headbutt the kobold demonologist!
The kobold demonologist is almost dead.
You feel sick.
The red devil hits you from afar with a trident!
The kobold demonologist casts a spell.
You closely miss the kobold demonologist.
The kobold demonologist is almost dead.
You feel sick. The hellwing completely misses you. You furiously retaliate!
You headbutt the hellwing! The hellwing hits you! The orange demon stings you!
* * * LOW HITPOINT WARNING * * *
The orange demon hits you.
* * * LOW HITPOINT WARNING * * *
You hit the kobold demonologist.
Your headbutt misses the kobold demonologist.
The kobold demonologist is almost dead.
You feel sick.
The kobold demonologist miscasts a cantrip.
The red devil hits you from afar with a trident!!
You die...

########################
.#..').#.)'..#__#4KG5..#
.').#..'..#..'44@K5#5..#
.#####+#####+#_4#### K.+
.# #### ## .# .# ⌠# ##


You could see an orange demon, a hellwing, 2 kobold demonologists, 2 red devils,
a giant eyeball, a quasit and a shadow imp.

Vanquished Creatures
  A slime creature (D)
  Sigmund (D)
  An ogre (D)
  Ijyb (D)
4 creatures vanquished.

Notes
Turn   | Place    | Note
--------------------------------------------------------------
     0 | D        | OdinFK the Minotaur Berserker began the quest for the Orb.
     0 | D        | Reached XP level 1. HP: 19/19 MP: 0/0
     1 | D        | Noticed Ijyb
    26 | D        | Killed Ijyb
    26 | D        | Reached skill level 5 in Fighting
    26 | D        | Reached skill level 5 in Long Blades
    26 | D        | Reached XP level 2. HP: 12/30 MP: 1/1
   203 | D        | Noticed an ogre
   207 | D        | Killed an ogre
   207 | D        | Reached skill level 7 in Fighting
   207 | D        | Reached XP level 3. HP: 36/39 MP: 2/2
   207 | D        | Reached XP level 4. HP: 43/47 MP: 3/3
   254 | D        | Noticed Sigmund
   260 | D        | Killed Sigmund
   260 | D        | Acquired Trog's second power
   260 | D        | Reached skill level 9 in Fighting
   260 | D        | Reached skill level 5 in Armour
   260 | D        | Reached XP level 5. HP: 57/57 MP: 4/4
   312 | D        | Found a snail-covered altar of Cheibriados.
   312 | D        | Found a viscous altar of Jiyva.
   312 | D        | Found a shadowy altar of Dithmenos.
   312 | D        | Found a blossoming altar of Fedhas.
   312 | D        | Noticed a slime creature
   325 | D        | HP: 2/57 [slime creature (2)]
   326 | D        | Killed a slime creature
   326 | D        | Reached skill level 10 in Fighting
   326 | D        | Reached skill level 11 in Long Blades
   326 | D        | Reached XP level 6. HP: 2/67 MP: 5/5
   647 | D        | Noticed a kobold demonologist
   648 | D        | Noticed a kobold demonologist
   653 | D        | Paralysed by a giant eyeball for 4 turns
   654 | D        | Noticed a hellwing
   655 | D        | Noticed a red devil
   657 | D        | Noticed an orange demon
   660 | D        | Noticed a red devil
   661 | D        | Slain by a red devil

Vault maps used:
D:        dungeon_sprint_1

Action                   |  1- 3 |  4- 6 || total
-------------------------+-------+-------++-------
Melee: Falchion          |    26 |    21 ||    47
Invok: Berserk           |     1 |     2 ||     3
  Eat: Chunk             |       |     1 ||     1
